AoeStats
← Juyhou

Nomad

507950091Analyzed
3v3 RM · 13d ago on Sep 20, 2026· 70m 53s· 6 players
Game mode
Random Map
Map size
210×210
Population
200
Speed
Normal
Resources
Standard
Victory
Conquest
Starting age
Dark Age
Ending age
Imperial Age
RankedLock teamsTeams togetherTeam positionsShared explorationLock speedFull tech treeHidden civsTurbo modeCheats
Victory
Defeat
🇪🇸 Burgundians · Spain
2014
+5
🇩🇪 Chinese · Germany
1630
+18
🇺🇸 Goths · United States
1453
+24
🇫🇮 Khitans · Finland
1782
-19
🇫🇮 Koreans · Finland
1723
-17
🇫🇮 Teutons · Finland
1566
-11
Ee-meili
7:06 Loom
12:22 Feudal Age
13:02 Town Watch
14:44 Double-Bit Axe
22:22 Castle Age
20:07 Horse Collar
23:26 Bow Saw
23:44 Medium Warships
27:44 Fletching
32:33 Bodkin Arrow
35:30 Scale Mail Armor
39:47 Wheelbarrow
52:21 Squires
54:00 Heavy Plow
57:32 Chain Mail Armor
64:53 Forging
71:58 Imperial Age
70:08 Pikeman
Kaarlos
4:26 Loom
13:10 Feudal Age
17:55 Castle Age
16:29 Forging
16:05 Double-Bit Axe
17:06 Fishing Lines
19:10 Iron Casting
18:30 Gillnets
18:52 Bow Saw
27:09 Fletching
33:49 Imperial Age
31:14 Horse Collar
32:16 Masonry
31:47 Treadmill Crane
32:12 Eupseong
32:31 Scale Mail Armor
33:03 Ballistics
32:50 Bodkin Arrow
32:56 Town Watch
33:45 Squires
33:31 Gambesons
33:33 Arson
35:02 Conscription
35:34 Architecture
37:00 Chemistry
35:47 Arrowslits
36:57 Wheelbarrow
37:05 Chain Mail Armor
37:34 Bracer
38:53 Plate Mail Armor
38:57 Siege Engineers
39:24 Elite Fire Lancer
41:06 Heavy Plow
41:57 Coinage
42:47 Hand Cart
43:08 Banking
46:27 Architecture
45:53 Murder Holes
48:01 Town Patrol
Juyhou
11:23 Feudal Age
13:42 Forging
14:19 Fishing Lines
14:47 Loom
16:37 Double-Bit Axe
22:51 Castle Age
21:08 Domestication
24:11 Iron Casting
23:35 Gillnets
25:10 Medium Warships
27:55 Town Watch
39:14 Wheelbarrow
38:59 Bow Saw
38:14 Light Cavalry
38:55 Husbandry
40:36 Scale Barding Armor
42:01 Chain Barding Armor
47:36 Imperial Age
47:07 Gold Mining
47:39 Elite Steppe Lancer
48:55 Plate Barding Armor
48:42 Conscription
52:13 Hand Cart
52:40 Ordo Cavalry
53:56 Pastoralism
57:55 Chemistry
59:46 Heavy Warships
60:33 Transhumance
61:11 Hussar
63:24 Capped Ram
🦌 Jolly Jumper
3:04 Loom
11:44 Feudal Age
12:28 Double-Bit Axe
22:14 Castle Age
21:03 Horse Collar
23:10 Medium Warships
23:56 Bow Saw
23:48 Heavy Plow
28:13 Wheelbarrow
28:56 Gold Mining
30:15 Gold Shaft Mining
30:25 Scale Barding Armor
30:36 Bloodlines
30:26 Husbandry
30:53 Fletching
31:58 Hand Cart
31:58 Bodkin Arrow
32:30 Crossbowman
33:34 Thumb Ring
33:32 Padded Archer Armor
35:24 Leather Archer Armor
38:10 Imperial Age
36:54 Ballistics
37:03 Forging
37:28 Coinage
37:57 Scale Mail Armor
38:33 Iron Casting
38:10 Masonry
38:54 Bracer
38:17 Arbalester
39:02 Bracer
40:04 Chemistry
39:35 Architecture
38:29 Capped Ram
40:20 Ring Archer Armor
40:26 Banking
39:29 Siege Ram
41:46 Stone Mining
44:13 Conscription
45:09 Two-Man Saw
44:30 Chain Mail Armor
44:50 Iron Casting
66:53 Elite Skirmisher
[R1] Pume
5:02 Loom
9:39 Double-Bit Axe
14:29 Feudal Age
16:25 Bow Saw
18:23 Fishing Lines
21:07 Castle Age
19:20 Gillnets
22:58 Two-Man Saw
22:24 Scale Barding Armor
22:51 Fletching
24:27 Horse Collar
25:26 Bodkin Arrow
27:32 Town Watch
30:03 Wheelbarrow
30:36 Scale Barding Armor
31:30 Forging
36:02 Burgundian Vineyards
37:40 Hand Cart
41:11 Fortified Wall
44:23 Imperial Age
46:10 Chemistry
45:13 Bracer
47:12 Elite Skirmisher
54:33 Padded Archer Armor
54:54 Chain Barding Armor
58:47 Medium Warships
59:08 Ballistics
59:39 Masonry
60:19 Heavy Warships
61:01 Plate Barding Armor
59:57 Pikeman
63:14 Squires
62:40 Halberdier
66:04 Scale Mail Armor
68:48 Chain Mail Armor
Curly
13:27 Feudal Age
20:03 Castle Age
18:45 Double-Bit Axe
19:02 Horse Collar
24:20 Loom
28:58 Wheelbarrow
29:32 Town Watch
30:04 Hand Cart
35:31 Bow Saw
35:22 Heavy Plow
35:42 Fletching
37:43 Forging
37:34 Scale Mail Armor
41:40 Iron Casting
41:00 Gold Mining
43:51 Imperial Age
42:15 Chain Mail Armor
43:39 Bodkin Arrow
43:44 Padded Archer Armor
43:57 Elite Huskarl
45:43 Blast Furnace
46:22 Squires
47:03 Perfusion
47:24 Conscription
48:09 Anarchy
50:23 Pikeman
51:04 Halberdier
70:47 Bracer
Connection lost

Rejoining the realm…

Still unreachable

The connection could not be restored.

Session expired

The server has moved on; the page needs a fresh start.